AoeStats
← Tyler8274

Arabia

510044219Analyzed
1v1 RM · 4d ago on Sep 29, 2026· 32m 33s· 2 players
Game mode
Random Map
Map size
Tiny (2 player)
Population
200
Speed
Normal
Resources
Standard
Victory
Conquest
Starting age
Dark Age
Ending age
Imperial Age
RankedLock teamsTeams togetherTeam positionsShared explorationLock speedFull tech treeHidden civsTurbo modeCheats
Victory
Defeat
🇺🇸 Goths · United States
749
+37
🇺🇦 Inca · Ukraine
762
-17
Tyler8274
2:18 Loom
9:56 Feudal Age
10:27 Double-Bit Axe
10:25 Horse Collar
10:14 Man-at-Arms
18:57 Scale Mail Armor
25:15 Forging
29:31 Castle Age
30:55 Long Swordsman
30:58 Pikeman
32:30 Iron Casting
32:10 Chain Mail Armor
МАМУТ
10:12 Loom
10:17 Loom
13:56 Feudal Age
15:03 Double-Bit Axe
16:18 Scale Mail Armor
16:29 Forging
23:01 Horse Collar
23:12 Stone Mining
28:49 Wheelbarrow
28:17 Fletching
30:31 Castle Age
Connection lost

Rejoining the realm…

Still unreachable

The connection could not be restored.

Session expired

The server has moved on; the page needs a fresh start.